 Dungeon Crawl Stone Soup version 0.23.0 (webtiles) character file.

Game seed: 15687103932089894865

78 Jethus the Chiller (level 4, -14/30 HPs)
             Began as a Human Ice Elementalist on Feb 13, 2019.
             Demolished by an ogre
             ... wielding a +0 giant club
              (22 damage)
             ... on level 2 of the Dungeon.
             The game lasted 00:13:51 (2112 turns).

Jethus the Chiller (Human Ice Elementalist)         Turns: 2112, Time: 00:13:51

Health: -14/30     AC:  2    Str:  8    XL:     4   Next: 61%
Magic:  1/8        EV: 13    Int: 16    God:
Gold:   89         SH:  0    Dex: 14    Spells: 2/8 levels left

rFire    . . .     SeeInvis .   g - +0 quarterstaff
rCold    . . .     Gourm    .   (shield currently unavailable)
rNeg     . . .     Faith    .   a - +0 robe
rPois    .         Spirit   .   (no helmet)
rElec    .         Reflect  .   (no cloak)
rCorr    .         Harm     .   (no gloves)
MR       .....                  (no boots)
Stlth    ++........             i - amulet of inaccuracy (curse)
HPRegen  0.10/turn              (no ring)
MPRegen  0.11/turn              (no ring)

@: no status effects
A: no striking features
a: no special abilities


You were on level 2 of the Dungeon.
You were not hungry.

You visited 1 branch of the dungeon, and saw 2 of its levels.

You collected 89 gold pieces.

Inventory:

Hand Weapons
 b - a +0 short sword
 g - a +0 quarterstaff (weapon)
Armour
 a - a +0 robe (worn)
Jewellery
 i - a cursed amulet of inaccuracy (around neck)
Scrolls
 f - 3 scrolls of amnesia
 h - 5 scrolls of identify
Potions
 e - a potion of haste {unknown}
Comestibles
 c - 6 rations


   Skills:
 + Level 0.1 Short Blades
 + Level 0.1 Staves
 + Level 2.5 Dodging
 + Level 2.5 Stealth
 + Level 2.7 Spellcasting
 + Level 1.0 Conjurations
 + Level 3.8 Ice Magic


You had 2 spell levels left.
You knew the following spells:

 Your Spells              Type           Power        Failure   Level  Hunger
a - Freeze                Ice            ##..         4%          1    #......
b - Throw Frost           Conj/Ice       ##....       11%         2    ##.....
c - Ozocubu's Armour      Chrm/Ice       #.......     26%         3    ###....

Your spell library contained the following spells:

 Spells                   Type           Power        Failure   Level  Hunger
 Throw Icicle             Conj/Ice       ##......     56%         4    #####..
 Summon Ice Beast         Ice/Summ       #.......     65%         4    #####..


Dungeon Overview and Level Annotations

Branches:
Dungeon (2/15)

Altars:


Message History

You freeze the ogre.
The ogre is heavily wounded.
The ogre completely misses you.
Casting: Freeze (safe; 4% risk of failure)
Confirm with . or Enter, or press ? or * to list all spells.
Aiming: Freeze (safe; 4% risk of failure)
Press: ? - help, Shift-Dir - straight line, f/p - ogre
Aim: an ogre, wielding a +0 giant club (heavily wounded)
You freeze the ogre.
The ogre is severely wounded.
Casting: Freeze (safe; 4% risk of failure)
Confirm with . or Enter, or press ? or * to list all spells.
Aiming: Freeze (safe; 4% risk of failure)
Press: ? - help, Shift-Dir - straight line, f/p - ogre
Aim: an ogre, wielding a +0 giant club (severely wounded)
You freeze the ogre.
The ogre is severely wounded.
The ogre hits you with a +0 giant club!!
Ouch! That really hurt!
You die...

#.##.#.#.##.......#.##..
#.#.................#.####
#..................#.#
.###...#####.......#.####
#...# #............# #...#
#............#
##.#####......##.(...#
#.##.O....##.##.....#
##)##@##.#.##.##.....#
##>..#.#....##.####.###
#.....†# .#.........#
#..........#.##.######
##(.............#
#.....########## ....)..#
###.#$#.# .......


You could see an ogre.

Vanquished Creatures
  An adder (D:2)
  A gnoll (D:1)
  2 oozes (D:1)
  A worm (D:2)
  2 dart slugs
  A leopard gecko (D:1)
  6 bats
  5 giant cockroaches
  6 goblins
  4 hobgoblins
  2 quokkas (D:2)
  5 kobolds
  4 rats
40 creatures vanquished.

Notes
Turn   | Place    | Note
-------+----------+-------------------------------------------
     0 | D:1      | Jethus the Human Ice Elementalist began the quest for the
                  | Orb.
     0 | D:1      | Reached XP level 1. HP: 13/13 MP: 3/3
   205 | D:1      | Reached XP level 2. HP: 14/19 MP: 0/5
   436 | D:1      | Reached XP level 3. HP: 4/24 MP: 1/6
  1312 | D:2      | Learned a level 2 spell: Throw Frost
  1316 | D:2      | Learned a level 3 spell: Ozocubu's Armour
  1373 | D:2      | Reached XP level 4. HP: 28/30 MP: 1/7
  1994 | D:2      | Noticed an ogre
  2112 | D:2      | Demolished by an ogre

Action                   |  1- 3 |  4- 6 || total
-------------------------+-------+-------++-------
Melee: Short sword       |    36 |    17 ||    53
       Quarterstaff      |       |    10 ||    10
 Cast: Freeze            |    33 |    21 ||    54
       Throw Frost       |     2 |     7 ||     9
  Use: Scroll            |     2 |     2 ||     4
       Potion            |     2 |       ||     2
 Stab: Sleeping          |     1 |       ||     1
  Eat: Chunk             |     2 |     3 ||     5
Armor: Robe              |    27 |     7 ||    34
Dodge: Dodged            |    58 |    27 ||    85
